 Dungeon Crawl Stone Soup version 0.29-a0-284-gf9362112df (webtiles) character file.

Game seed: 5867451795138010817

77 sammy202020 the Sneak (level 4, 30/30 HPs)
             Began as an Octopode Brigand on Mar 18, 2022.
             Quit the game on level 2 of the Dungeon.
             The game lasted 00:02:44 (2322 turns).

sammy202020 the Sneak (Octopode Brigand)            Turns: 2322, Time: 00:02:45

Health: 30/30      AC:  1    Str: 10    XL:     4   Next: 33%
Magic:  4/4        EV: 13    Int: 13    God:
Gold:   155        SH:  0    Dex: 15    Spells: 3/3 levels left

rFire   . . .      SeeInvis .   a - +2 dagger
rCold   . . .      Faith    .   (no shield)
rNeg    . . .      Spirit   .   (helmet restricted)
rPois   .          Reflect  .   i - amulet of the acrobat
rElec   .          Harm     .   (no ring)
rCorr   .          Rampage  .   (no ring)
Will    .....                   (no ring)
Stlth   ++++......              (no ring)
HPRegen 0.10/turn               (no ring)
MPRegen 0.09/turn               (no ring)
                                (no ring)
                                (no ring)

@: no status effects
A: almost no armour, amphibious, 8 rings, camouflage 1, gelatinous body 1,
(nimble swimmer 1), tentacles
a: no special abilities


You were on level 2 of the Dungeon.
You visited 1 branch of the dungeon, and saw 2 of its levels.

You collected 155 gold pieces.

Inventory:

Hand Weapons
 a - a +2 dagger (weapon)
 l - a +0 club
Missiles
 b - 9 poisoned darts (quivered)
 c - 3 curare-tipped darts
 h - 3 boomerangs
Magical Staves
 j - a staff of poison
Jewellery
 i - an amulet of the acrobat (around mantle)
Scrolls
 d - 3 scrolls of identify {unknown}
 f - 2 scrolls of immolation {unknown}
 g - 2 scrolls of teleportation {unknown}
 k - a scroll of enchant weapon {unknown}
 o - a scroll of fear {unknown}
 p - a scroll of magic mapping {unknown}
Potions
 e - 3 potions of might {unknown}
 m - 2 potions of ambrosia {unknown}
 n - 2 potions of heal wounds {unknown}


   Skills:
 + Level 2.7 Fighting
 + Level 2.8 Short Blades
 - Level 2.0 Throwing
 + Level 2.1 Dodging
 + Level 6.0 Stealth


You had 3 spell levels left.
You didn't know any spells.
Your spell library contained the following spells:

 Spells                   Type           Power      Damage    Failure   Level
 Slow                     Hex            0%         N/A       30%         1
 Ensorcelled Hibernation  Hex/Ice        0%         N/A       43%         2
 Confusing Touch          Hex            0%         N/A       67%         3
 Spider Form              Tmut/Pois      0%         N/A       67%         3
 Vampiric Draining        Necr           0%         2d6       67%         3
 Anguish                  Hex/Necr       0%         N/A       97%         4


Dungeon Overview and Level Annotations

Branches:
Dungeon (2/15)

Altars:


Innate Abilities, Weirdness & Mutations

You cannot wear most types of armour.
You are amphibious.
You can wear up to eight rings at the same time.
Your skin changes colour to match your surroundings (Stealth+).
Your rubbery body absorbs attacks. (AC +1, EV +1)
((You are camouflaged when in or above water. (Stealth+)))
You have tentacles for arms and can constrict up to eight enemies at once.


Message History

An adder is nearby!
Found 6 gold pieces and a scroll labelled QEN VYETUNLAMP.
An adder comes into view.
The adder hisses angrily.
You hit the adder. You grab the adder.
The adder is heavily wounded.
You constrict the adder, but do no damage.
The adder bites you.
You are poisoned.
The adder poisons you!
You barely miss the adder. You squeeze the adder.
The adder is severely wounded.
You constrict the adder.
You feel sick. The adder misses you.
You hit the adder.
You kill the adder!
You feel sick.
Your Stealth skill increases to level 6!
You feel sick.
You miss the adder. You grab the adder. You constrict the adder.
You feel sick.
You are no longer poisoned.
The adder closely misses you.
You hit the adder.
The adder is moderately wounded.
You constrict the adder. The adder misses you.
You barely miss the adder. You squeeze the adder.
You kill the adder!
No target in view!
No target in view!
No target in view!
No target in view!
No target in view!
No target in view!
No target in view!
No target in view!
No target in view!
No target in view!
You now have 155 gold pieces (gained 6).
p - a scroll labelled QEN VYETUNLAMP Unknown command.
Are you sure you want to abandon this character and quit the game? (Confirm with "yes".)

#.................##.
###...............##.
#.......##+#######.
#.......##.# #.
#......(...# #.
########...#######.
##########..>'.......
#.......##...########
#...@...##...# ######
#.......##...# #.....
#.......##...# #..##.
#.......##...# #.###.
#.......##...# #.###.
#.......##...# #.....
#............# #.....
######.....### #...##
#.....# #.####


There were no monsters in sight!

Vanquished Creatures
  2 adders (D:2)
  A worm (D:2)
  A dart slug (D:2)
  8 endoplasms (D:1)
  4 giant cockroaches
  2 goblins
  3 hobgoblins
  5 quokkas
  6 ball pythons
  2 bats (D:2)
  3 frilled lizards
  9 kobolds
  3 rats (D:1)
49 creatures vanquished.

Notes
Turn   | Place    | Note
-------+----------+-------------------------------------------
     0 | D:1      | sammy202020 the Octopode Brigand began the quest for the
                  | Orb.
     0 | D:1      | Reached XP level 1. HP: 14/14 MP: 1/1
   186 | D:1      | Reached XP level 2. HP: 19/19 MP: 2/2
  1314 | D:1      | Found a faded altar of an unknown god.
  1319 | D:1      | Reached XP level 3. HP: 25/25 MP: 3/3
  2003 | D:2      | Reached XP level 4. HP: 28/30 MP: 4/4
  2252 | D:2      | Reached skill level 6 in Stealth
  2322 | D:2      | Quit the game

Illustrated notes

Levels and vault maps discovered:
D:1:      erik_arrival_cave_to_civilisation [erik_arrival_cave_to_hall],
          layout_basic, serial_corexii_hall, corexii_hall_statues_deadend,
          chequers_hall_statues_corner_a, corexii_hall_statues_s,
          corexii_hall_statues_deadend, shapermc_ecumenical_altar_acropolis
D:2:      minmay_recursive_quarters, layout_basic, hex_medium,
          hangedman_glass_teeth

Skill      XL: |  1  2  3  4 |
---------------+-------------+-----
Dodging        | 2 |  2.1
Stealth        | 6 |  6.0
Fighting       | |  2.7
Short Blades   | |  2.8
Throwing       | |  2.0

Action                   |  1- 3 |  4- 6 || total
-------------------------+-------+-------++-------
Melee: Dagger            |    79 |     7 ||    86
       Constrict         |    18 |     2 ||    20
       Tentacles         |    13 |     2 ||    15
 Stab: Sleeping          |    21 |     1 ||    22
Armor: Skin              |     3 |       ||     3
Dodge: Dodged            |    37 |     3 ||    40

Table legend: (Time is in decaauts)
 A = Elapsed time spent in this place.
 B = Non-inter-level travel time spent in this place.
 C = Inter-level travel time spent in this place.
 D = Time resting spent in this place.
 E = Time spent auto-exploring this place.
 F = Levels seen in this place.
 G = Mean time per level.
                   A        B        C        D        E       F      G
               +--------+--------+--------+--------+--------+-----+--------+
         Total |   2311 |   2150 |    161 |      0 |   1828 |   2 | 1155.5 |
       Dungeon |   2311 |   2150 |    161 |      0 |   1828 |   2 | 1155.5 |
               +--------+--------+--------+--------+--------+-----+--------+

Top non-repeatable levels by time:
     D:1: 1541 daAuts
     D:2: 770 daAuts
